 Dungeon Crawl Stone Soup version 0.21.1-1-g345015f (webtiles) character file.

47 sking99 the Ruffian (level 3, -3/32 HPs)
             Began as a Naga Transmuter on June 22, 2018.
             Slain by a worker ant (7 damage)
             ... on level 2 of the Dungeon.
             The game lasted 00:04:43 (1783 turns).

sking99 the Ruffian (Naga Transmuter)               Turns: 1783, Time: 00:04:43

Health: -3/32      AC:  2    Str: 12    XL:     3   Next: 70%
Magic:  4/6        EV: 10    Int: 14    God:
Gold:   98         SH:  0    Dex: 11    Spells: 0/6 levels left

rFire    + . .     SeeInvis +     - Unarmed
rCold    + . .     Gourm    .   (no shield)
rNeg     . . .     Faith    .   b - +0 robe
rPois    +         Spirit   .   (no helmet)
rElec    .         Reflect  .   e - scarf {rC+ rF+}
rCorr    .         Harm     .   (no gloves)
MR       .....                  (no barding)
Stlth    +.........             (no amulet)
HPRegen  0.10/turn              (no ring)
MPRegen  0.10/turn              (no ring)

@: very slow
A: large, see invisible, deformed body, poison resistance, slowness 2, slow
metabolism 1, spit poison 1, AC +1
a: Spit Poison


You were on level 2 of the Dungeon.
You were not hungry.

You visited 1 branch of the dungeon, and saw 2 of its levels.

You collected 98 gold pieces.

Inventory:

Missiles
 a - 29 arrows (quivered)
Armour
 b - a +0 robe (worn)
 e - a scarf of resistance (worn)
Jewellery
 k - an uncursed ring of protection from fire {unknown}
Scrolls
 f - a scroll of identify {unknown}
 h - a scroll of noise {unknown}
Potions
 g - a potion of degeneration {unknown}
 i - a potion of mutation {unknown}
Books
 c - a book of Changes

   Spells                             Type                      Level
   a - Beastly Appendage              Transmutation                1
   b - Sticks to Snakes               Transmutation                2
   c - Spider Form                    Transmutation/Poison         3
   d - Ice Form                       Ice/Transmutation            4
   e - Blade Hands                    Transmutation                5
Comestibles
 d - 4 rations
 j - 2 chunks of flesh


   Skills:
 - Level 1.7 Fighting
 - Level 2.0 Dodging
 + Level 0.0 Stealth
 - Level 3.9 Unarmed Combat
 * Level 2.0 Spellcasting
 * Level 2.0 Transmutations
 + Level 0.0 Poison Magic


You couldn't memorise any spells.
You knew the following spells:

 Your Spells              Type           Power        Failure   Level  Hunger
a - Beastly Appendage     Tmut           #.....       11%         1    ##.....
b - Sticks to Snakes      Tmut           #.......     16%         2    ###....
c - Spider Form           Tmut/Pois      #.........   43%         3    ####...


Dungeon Overview and Level Annotations

Branches:
Dungeon (2/15)

Altars:
Fedhas
Hepliaklqana
The Shining One


Innate Abilities, Weirdness & Mutations

You cannot wear boots.
Your serpentine skin is tough. (AC +1)
You have supernaturally acute eyesight. (SInv)
Armour fits poorly on your strangely shaped body.
Your system is resistant to poisons. (rPois)
You cover ground very slowly.
You have a slow metabolism.
You can spit poison.


Message History

Aim: a worker ant (almost dead)
The splash of poison misses the worker ant.
The splash of poison hits the giant cockroach.
You kill the giant cockroach!
You feel slightly more hungry. The worker ant bites you!
You hit the worker ant but do no damage.
The worker ant is almost dead.
The worker ant bites you.
You barely miss the worker ant.
The worker ant is almost dead.
The worker ant bites you.
You barely miss the worker ant.
The worker ant is almost dead.
You have got your breath back.
The worker ant bites you.
* * * LOW HITPOINT WARNING * * *
Casting: Sticks to Snakes
Confirm with . or Enter, or press ? or * to list all spells.
You create a snake!
You now have 29 arrows.
The worker ant bites you!
You die...

#P..##......#
#''##......#
#..##......#
#...#......# ####
#..........## . +..#
###........#. ... #.##
#........#.
.....##..#####........#.
.....†a@.S..............
.....###.######.......##
### #.# #...###.# #..
#...# #.#
##'###########.#
...........#.##
.(.........#.##
...........#.##
..........÷..)...


You could see a worker ant and a friendly adder.

Vanquished Creatures
  5 dart slugs
  A leopard gecko (D:2)
  2 giant cockroaches (D:2)
  4 goblins (D:2)
  4 hobgoblins
  2 kobolds
  2 quokkas (D:2)
  5 bats (D:1)
  2 frilled lizards (D:1)
  7 rats
34 creatures vanquished.

Vanquished Creatures (collateral kills)
  A goblin (D:2)
1 creature vanquished.

Grand Total: 35 creatures vanquished

Notes
Turn   | Place    | Note
-------+----------+-------------------------------------------
     0 | D:1      | sking99 the Naga Transmuter began the quest for the Orb.
     0 | D:1      | Reached XP level 1. HP: 18/18 MP: 3/3
   193 | D:1      | Reached XP level 2. HP: 18/25 MP: 5/5
   288 | D:1      | Learned a level 2 spell: Sticks to Snakes
   289 | D:1      | Found a glowing golden altar of the Shining One.
   868 | D:1      | Reached XP level 3. HP: 31/31 MP: 6/6
  1727 | D:2      | Learned a level 3 spell: Spider Form
  1739 | D:2      | Found a blossoming altar of Fedhas.
  1739 | D:2      | Found a hazy altar of Hepliaklqana.
  1783 | D:2      | Slain by a worker ant

Skill      XL: |  1  2  3 |
---------------+----------+-----
Dodging        | 2 |  2.0
Fighting       | |  1.7
Unarmed Combat | |  3.9
Spellcasting   | |  2.0
Transmutations | |  2.0

Action                   || total
-------------------------++-------
Melee: Unarmed           ||   118
 Cast: Sticks to Snakes  ||     4
 Abil: Spit Poison       ||     8
 Stab: Distracted        ||     1
  Eat: Chunk             ||     2
Armor: Robe              ||    17
Dodge: Dodged            ||    78
